 Dungeon Sprint DCSS version 0.30-a0-341-g682706514a (webtiles) character file.

Game seed: 2508252435732824644

1600000 p00ps00p the Warrior (level 12, -45/134 HPs)
             Began as a Hill Orc Monk on Nov 4, 2022.
             Was a Believer of Makhleb.
             Annihilated by a meat berserker
             ... wielding a +9 battleaxe
              (82 damage)
             ... in the Dungeon (Sprint VIII: "Arena of Blood").
             The game lasted 00:01:10 (16 turns).

p00ps00p the Warrior (Hill Orc Monk)                  Turns: 16, Time: 00:01:12

Health: -45/134    AC:  2    Str: 19    XL:     12   Next: 80%
Magic:  12/12      EV: 19    Int: 10    God:    Makhleb [**....]
Gold:   0          SH:  0    Dex: 13    Spells: 11/11 levels left

rFire   . . .      SeeInvis .    i - +โˆž Axe of Woe
rCold   . . .      Faith    .    (shield currently unavailable)
rNeg    . . .      Spirit   .    a - +0 robe
rPois   .          Reflect  .    (no helmet)
rElec   .          Harm     .    (no cloak)
rCorr   .          Rampage  .    (no gloves)
Will    .....      NoTele   +    (no boots)
Stlth   ++++......               (no amulet)
HPRegen 0.42/turn                (no ring)
MPRegen 0.13/turn                (no ring)

@: on berserk cooldown, slowed, very slow
A: no striking features
a: Renounce Religion, Minor Destruction


You were in the Dungeon.
You worshipped Makhleb.
Makhleb was pleased with you.
You visited 1 branch

Inventory:

Hand Weapons
 i - the +โˆž Axe of Woe (weapon)
   (You found it in the Dungeon)
Armour
 a - a +0 robe (worn)
Potions
 b - a potion of ambrosia
 c - a potion of curing
 d - a potion of heal wounds
 e - a potion of haste
 f - 2 potions of magic


   Skills:
 + Level 20.4 Fighting
 - Level 4.6 Axes
 + Level 10.2 Armour
 + Level 14.7 Dodging
 + Level 10.3 Stealth
 + Level 18.5 Unarmed Combat


You had 11 spell levels left.
You didn't know any spells.
Your spell library was empty.

Dungeon Overview and Level Annotations

Branches:
Dungeon (1/1)

Altars:
Makhleb


Message History

The meat berserker appears out of thin air!
A meat berserker comes into view. It is wielding a +9 battleaxe.
The meat berserker shouts!
You hear a shout! x11
A meat berserker comes into view. It is wielding a +9 battleaxe.
You hear a shout! x3
A bag of meat comes into view. It is wielding a +9 war axe. x3
The meat berserker rages. x2
You hear a shout!
The meat berserker rages.
The meat berserker hits you with a +9 battleaxe!!
A bag of meat comes into view. It is wielding a +9 war axe.
You hear a shout! x4
The meat berserker hits you with a +9 battleaxe!!!
* * * LOW HITPOINT WARNING * * *
A bag of meat comes into view. It is wielding a +9 war axe.
You hear a shout!
The meat berserker moves out of view.
The bag of meat shouts!
You hear a shout! x2; The bag of meat shouts!
Your Fighting skill increases to level 20!
Your Armour skill gained 3 levels and is now at level 10!
Your Dodging skill increases to level 14!
Your Stealth skill gained 2 levels and is now at level 10!
Your Unarmed Combat skill increases to level 18!
Blink to where?
Press: ? - help, Q - select action, (/) - cycle Dir - move target 11 bags of meat come into view.
As you read the scroll of blinking, it crumbles to dust.
The bag of meat shouts! x2; You hear a shout! x7
A meat berserker comes into view. It is wielding a +9 battleaxe.
You hear a shout! x5
The bag of meat moves out of view. x3
You hear a shout! x3; The bag of meat shouts!
You hear a shout! x4
A meat berserker comes into view.
It is wielding a +9 battleaxe. 3 bags of meat and a large bag of meat come into view.
The bag of meat shouts! x2; You hear a shout! x6
A bag of meat comes into view. It is wielding a +9 war axe. x2
You hear a shout! x4
The meat berserker hits you with a +9 battleaxe!!!!
Ouch! That really hurt!
You die...

.. ###..........#_.<._#
..##....#.......#.....# .
#......o.#...)o..._...
..#o....oo....)ยง..o###..
......o.....Oo###o......
..........OO....#.......
.........O.o....#...o...
.......#............o...
#@#.#......o......
.o.....#O#.. .......o...
###..o# #O#.o. . .......
##O. #.oo..# #. o.o... o.
O..## oo ... ### ##.


You could see a large bag of meat (wandering, inner flame), 7 meat berserkers
and 15 bags of meat.

Vanquished Creatures
  3 orcs (D)
3 creatures vanquished.

Notes
Turn   | Place    | Note
-------+----------+-------------------------------------------
     0 | D        | Found the +โˆž Axe of Woe
     0 | D        | p00ps00p the Hill Orc Monk began the quest for the Orb.
     0 | D        | Reached XP level 1. HP: 19/19 MP: 1/1
     2 | D        | Noticed a bag of meat
     4 | D        | Became a worshipper of Makhleb the Destroyer
     4 | D        | Reached * piety under Makhleb
     4 | D        | Reached ** piety under Makhleb
     4 | D        | Noticed a bag of meat
     6 | D        | Noticed a bag of meat
     6 | D        | Noticed a bag of meat
     8 | D        | Noticed a meat berserker
     8 | D        | Noticed a bag of meat
     8 | D        | Noticed a bag of meat
     8 | D        | Noticed a bag of meat
     9 | D        | Killed a bag of meat
    10 | D        | Reached skill level 17 in Fighting
    10 | D        | Reached skill level 5 in Stealth
    10 | D        | Reached skill level 15 in Unarmed Combat
    10 | D        | Reached XP level 2. HP: 52/52 MP: 2/2
    10 | D        | Reached XP level 3. HP: 59/59 MP: 3/3
    10 | D        | Reached XP level 4. HP: 68/68 MP: 4/4
    10 | D        | Reached XP level 5. HP: 74/74 MP: 5/5
    10 | D        | Reached XP level 6. HP: 82/82 MP: 6/6
    10 | D        | Reached XP level 7. HP: 89/89 MP: 7/7
    10 | D        | Reached XP level 8. HP: 97/97 MP: 8/8
    10 | D        | Reached XP level 9. HP: 104/104 MP: 9/9
    10 | D        | Reached XP level 10. HP: 112/112 MP: 10/10
    10 | D        | Reached XP level 11. HP: 118/118 MP: 11/11
    10 | D        | Noticed a bag of meat
    11 | D        | Killed a bag of meat
    11 | D        | Noticed a meat berserker
    11 | D        | Noticed a bag of meat
    11 | D        | Noticed a meat berserker
    12 | D        | Reached skill level 19 in Fighting
    12 | D        | Reached XP level 12. HP: 130/130 MP: 12/12
    12 | D        | Noticed a bag of meat
    12 | D        | Noticed a bag of meat
    13 | D        | Noticed a meat berserker
    14 | D        | Killed a bag of meat
    14 | D        | Noticed a meat berserker
    14 | D        | Noticed a meat berserker
    14 | D        | Noticed a bag of meat
    14 | D        | Noticed a bag of meat
    14 | D        | Noticed a bag of meat
    14 | D        | Noticed a bag of meat
    14 | D        | Noticed a bag of meat
    15 | D        | Reached skill level 20 in Fighting
    15 | D        | Reached skill level 10 in Armour
    15 | D        | Reached skill level 10 in Stealth
    15 | D        | Noticed a meat berserker
    15 | D        | Noticed a bag of meat
    15 | D        | Noticed a bag of meat
    15 | D        | Noticed a bag of meat
    15 | D        | Noticed a bag of meat
    15 | D        | Noticed a bag of meat
    15 | D        | Noticed a bag of meat
    15 | D        | Noticed a bag of meat
    15 | D        | Noticed a bag of meat
    15 | D        | Noticed a bag of meat
    15 | D        | Noticed a bag of meat
    15 | D        | Noticed a bag of meat
    15 | D        | Noticed a meat berserker
    16 | D        | Noticed a meat berserker
    16 | D        | Noticed a bag of meat
    16 | D        | Noticed a bag of meat
    16 | D        | Noticed a bag of meat
    16 | D        | Noticed a large bag of meat
    16 | D        | Noticed a bag of meat
    16 | D        | Noticed a bag of meat
    16 | D        | Annihilated by a meat berserker

Illustrated notes

Levels and vault maps discovered:
D:        meatsprint

Skill      XL: |  1  2  3  4  5  6  7  8  9 10 11 12 |
---------------+-------------------------------------+-----
Fighting       | 17 19 20 | 20.4
Axes           | 4 |  4.6
Dodging        | 12 13 14 | 14.7
Stealth        | 5 8 10 | 10.3
Unarmed Combat | 15 17 18 | 18.5
Armour         | 7 10 | 10.2

Action                   |  1- 3 |  4- 6 |  7- 9 | 10-12 || total
-------------------------+-------+-------+-------+-------++-------
Melee: Executioner's axe |     1 |       |       |     2 ||     3
  Use: Potion            |     1 |       |       |       ||     1
       Scroll            |       |       |       |     1 ||     1

Table legend: (Time is in decaauts)
 A = Elapsed time spent in this place.
 B = Non-inter-level travel time spent in this place.
 C = Inter-level travel time spent in this place.
 D = Time resting spent in this place.
 E = Time spent auto-exploring this place.
 F = Levels seen in this place.
 G = Mean time per level.
                   A        B        C        D        E       F      G
               +--------+--------+--------+--------+--------+-----+--------+
         Total |     16 |     16 |      0 |      0 |      0 |   1 |   16.0 |
       Dungeon |     16 |     16 |      0 |      0 |      0 |   1 |   16.0 |
               +--------+--------+--------+--------+--------+-----+--------+

Top non-repeatable levels by time:
       D: 16 daAuts
